 Dungeon Crawl Stone Soup version 0.22-a0-109-gbeb7240 (webtiles) character file.

77 Darius099 the Magician (level 4, -5/30 HPs)
             Began as a Human Wizard on Jan 26, 2018.
             Slain by an ice beast (11 damage)
             ... on level 1 of the Dungeon.
             The game lasted 00:32:20 (3362 turns).

Darius099 the Magician (Human Wizard)               Turns: 3362, Time: 00:32:22

Health: -5/30      AC:  5    Str:  7    XL:     4   Next: 58%
Magic:  3/9        EV: 12    Int: 20    God:
Gold:   82         SH:  4    Dex: 11    Spells: 2/10 levels left

rFire    + . .     SeeInvis .   (no weapon)
rCold    . . .     Gourm    .   (no shield)
rNeg     . . .     Faith    .   a - +0 robe
rPois    .         Spirit   .   b - +0 hat
rElec    .         Reflect  +   (no cloak)
rCorr    .         Harm     .   (no gloves)
MR       .....                  (no boots)
Stlth    ++........             l - +4 amulet of reflection
HPRegen  0.10/turn              h - +3 ring of protection
MPRegen  0.11/turn              n - ring of protection from fire

@: very slightly contaminated
A: no striking features
a: no special abilities


You were on level 1 of the Dungeon.
You were hungry.

You visited 1 branch of the dungeon, and saw 3 of its levels.

You collected 82 gold pieces.

Inventory:

Armour
 a - a +0 robe (worn)
 b - a +0 hat (worn)
Jewellery
 h - a +3 ring of protection (left hand)
 l - a +4 amulet of reflection (around neck)
 n - a ring of protection from fire (right hand)
Scrolls
 e - 5 scrolls of identify {unknown}
 g - a scroll of blinking {unknown}
 k - 2 scrolls of amnesia {unknown}
Potions
 f - a potion of curing {unknown}
 i - a potion of heal wounds {unknown}
 j - 2 potions of brilliance {unknown}
 m - 2 potions of flight {unknown}
 o - a potion of magic {unknown}
Books
 c - a book of Minor Magic

   Spells                             Type                      Level
   a - Magic Dart                     Conjuration                  1
   b - Blink                          Translocation                2
   c - Call Imp                       Summoning                    2
   d - Slow                           Hexes                        2
   e - Conjure Flame                  Conjuration/Fire             3
   f - Mephitic Cloud                 Conjuration/Poison/Air       3
Comestibles
 d - 3 rations


   Skills:
 + Level 2.5 Dodging
 + Level 2.4 Stealth
 + Level 3.9 Spellcasting
 + Level 1.5 Conjurations
 + Level 1.4 Summonings
 - Level 1.0 Translocations


You had 2 spell levels left.
You knew the following spells:

 Your Spells              Type           Power        Failure   Level  Hunger
a - Magic Dart            Conj           ##..         7%          1    None
b - Blink                 Tloc           N/A          13%         2    ##.....
c - Call Imp              Summ           #.......     11%         2    ##.....
d - Mephitic Cloud        Conj/Pois/Air  #.......     30%         3    ###....


Dungeon Overview and Level Annotations

Branches:
Dungeon (3/15)

Altars:


Message History

The magic dart hits the ice beast.
Your crimson imp blinks!
The ice beast closely misses you.
Casting: Magic Dart (safe; 7% risk of failure)
Confirm with . or Enter, or press ? or * to list all spells.
Aiming: Magic Dart (safe; 7% risk of failure)
Press: ? - help, Shift-Dir - straight line, f/p - ice beast
Aim: an ice beast The magic dart hits the ice beast.
The ice beast is lightly wounded.
The ice beast hits you. The ice beast freezes you.
* * * LOW HITPOINT WARNING * * *
Casting: Magic Dart (safe; 7% risk of failure)
Confirm with . or Enter, or press ? or * to list all spells.
You miscast Blink.
You are very lightly contaminated with residual magic.
Nothing appears to happen.
The ice beast hits you.
* * * LOW HITPOINT WARNING * * *
The ice beast freezes you!
You die...

....#.#...#########.......###.###
###...#.........5...(............
............#######..............
####........###..................
#..............>.................
#.##.#.....5........#####.#######
#....'......###........##.# #
######......# #........##.#######
# #......# #.@Y.....##(....... #
###....#####.###....###....... #
#......##....###....# #....... #
#.......'...........# ###..... #
#.....###....####...#####..... #
###.....'....'......'...'..... #
#.....#....####...#####.....
######.....#....# ##.......#.###
................# #..≈....#..##


You could see an ice beast.

Vanquished Creatures
  2 adders (D:2)
  2 dart slugs
  4 leopard geckos
  4 giant cockroaches
  6 goblins
  7 hobgoblins
  2 jackals (D:2)
  A ball python (D:1)
  3 bats
  8 frilled lizards
  6 kobolds
  7 rats
52 creatures vanquished.

Vanquished Creatures (collateral kills)
  A worm (D:1)
  A jackal (D:2)
2 creatures vanquished.

Grand Total: 54 creatures vanquished

Notes
Turn   | Place    | Note
-------+----------+-------------------------------------------
     0 | D:1      | Darius099 the Human Wizard began the quest for the Orb.
     0 | D:1      | Reached XP level 1. HP: 13/13 MP: 4/4
    54 | D:1      | Reached XP level 2. HP: 19/19 MP: 0/6
   550 | D:1      | Reached XP level 3. HP: 24/24 MP: 1/8
  1069 | D:1      | Learned a level 2 spell: Blink
  1658 | D:1      | Learned a level 2 spell: Call Imp
  2041 | D:2      | Reached XP level 4. HP: 4/30 MP: 3/9
  2923 | D:2      | Learned a level 3 spell: Mephitic Cloud
  3284 | D:3      | Noticed an ice beast
  3362 | D:1      | Slain by an ice beast

Vault maps used:
D:1:      onia_arrival_pentagram, minmay_misc_feat_enclosed
D:2:      minmay_wonky_spiral, first_ration, minivault_14
D:3:      grunt_temple_overflow_open, uniq_ijyb

Action                   |  1- 3 |  4- 6 || total
-------------------------+-------+-------++-------
Melee: Unarmed           |     1 |    13 ||    14
 Cast: Magic Dart        |   107 |    55 ||   162
       Call Imp          |     2 |     4 ||     6
       Blink             |     1 |     1 ||     2
       Mephitic Cloud    |       |     1 ||     1
  Use: Potion            |     2 |       ||     2
  Eat: Ration            |     1 |     1 ||     2
Armor: Robe              |    19 |    32 ||    51
Dodge: Dodged            |    55 |    59 ||   114
Block: Other             |     8 |    15 ||    23

Table legend:
 A = Spawn XP
 B = Non-spawn XP
 C = Spawn XP percentage of total XP
 D = Spawn monster count
 E = Non-spawn monster count
 F = Spawn count percentage of total count
 G = Total turns spent on level
                    A         B        C        D         E        F      G
               +---------+---------+-------+---------+---------+-------+---------
         Total |       0 |     110 |   0.0 |       0 |      54 |   0.0 |  3362
               +---------+---------+-------+---------+---------+-------+---------
           D:1 |       0 |      47 |   0.0 |       0 |      27 |   0.0 |  1977
           D:2 |       0 |      62 |   0.0 |       0 |      26 |   0.0 |  1369
           D:3 |       0 |       1 |   0.0 |       0 |       1 |   0.0 |    16
               +---------+---------+-------+---------+---------+-------+---------
